 Dungeon Crawl Stone Soup version 0.19.1 (webtiles) character file.

4412 glosham the Grappler (level 10, -2/100 HPs)
             Began as a Troll Berserker on Dec 1, 2016.
             Was a Priest of Trog.
             Slain by a wyvern (15 damage)
             ... on level 11 of the Dungeon.
             The game lasted 00:25:39 (1128 turns).

glosham the Grappler (Troll Berserker)              Turns: 1128, Time: 00:25:40

Health: -2/100     AC:  6    Str: 27    XL:     10   Next: 14%
Magic:  9/9        EV: 10    Int:  4    God:    Trog [***...]
Gold:   220        SH:  0    Dex: 11    Spells: 0 memorised, 9 levels left

rFire  . . .     SeeInvis .       - Unarmed
rCold  . . .     Gourm    +     a - +1 animal skin
rNeg   . . .     Faith    .     (no shield)
rPois  .         Spirit   .     (helmet restricted)
rElec  .         Reflect  .     (no cloak)
rCorr  .         Harm     .     (gloves unavailable)
MR     .....                    (boots unavailable)
Stlth  +.........               (no amulet)
                                (no ring)
                                (no ring)

@: no status effects
A: unfitting armour, claws 3, fast metabolism 3, gourmand, regeneration 1,
shaggy fur 1, tough skin 2
a: Berserk, Trog's Hand, Burn Spellbooks, Renounce Religion


You were on level 11 of the Dungeon.
You worshipped Trog.
Trog was most pleased with you.
You were completely stuffed.

You visited 1 branch of the dungeon, and saw 11 of its levels.

You collected 220 gold pieces.

Inventory:

Missiles
 l - 13 tomahawks (quivered)
Armour
 a - a +1 animal skin (worn)
Wands
 g - a wand of disintegration (5/24)
 h - a wand of acid (7/15)
 k - a wand of enslavement (19/24)
Scrolls
 d - 2 scrolls of teleportation
 m - a scroll of fog
Potions
 f - 2 potions of lignification
 j - a potion of invisibility
Comestibles
 b - 2 bread rations
 c - 3 meat rations
 i - 2 chunks of flesh


   Skills:
 + Level 6.9 Fighting
 - Level 2.4 Dodging
 * Level 12.6 Unarmed Combat


You had 9 spell levels left.
You didn't know any spells.

Dungeon Overview and Level Annotations

Branches:
Dungeon (11/15)            Temple (0/1) D:6            Lair (0/6) D:8
    Orc: D:9-12

Altars:

Shops:
D:9 *   D:10 :   D:11 %


Innate Abilities, Weirdness & Mutations

You are too large for most types of armour.
You have claws for hands.
Your metabolism is lightning-fast.
You like to eat raw meat.
Your natural rate of healing is unusually fast.
You are covered in fur. (AC +1)
You have very tough skin. (AC +2)


Message History

The ice beast is severely wounded.
The ice beast hits you. The ice beast freezes you!
* * * LOW HITPOINT WARNING * * *
You barely miss the ice beast.
The ice beast is severely wounded.
The ice beast hits you.
* * * LOW HITPOINT WARNING * * *
The ice beast freezes you.
* * * LOW HITPOINT WARNING * * *
You claw the ice beast!
The ice beast is almost dead.
You feel yourself speed up. The ice beast completely misses you.
You mangle the ice beast!!
You kill the ice beast!
Trog accepts your kill.
You see here a great sword.
The wyvern hisses angrily.
Found a curved jewelled rod.
Found 21 gold pieces.
The wyvern bites you!
* * * LOW HITPOINT WARNING * * *
The wyvern bites you!
* * * LOW HITPOINT WARNING * * *
You feel much better. The wyvern closely misses you.
You claw the wyvern!
The wyvern is moderately wounded.
You feel less exhausted.
The wyvern bites you but does no damage.
You closely miss the wyvern.
The wyvern is moderately wounded.
The wyvern closely misses you.
You claw the wyvern!
The wyvern is severely wounded.
The wyvern bites you!
* * * LOW HITPOINT WARNING * * *
You scratch the wyvern but do no damage.
The wyvern is severely wounded.
The wyvern bites you!
You die...

...).....#####.##
.........#####..##
.........#####...##
..........###.....##
...#...............##
..###...............## .##
##...............##
..###.................##
#..#............@......##
................l.......##
.........................##
...)).............).......##
.........#......###........##
.)......###....#####........##
..)....## ##...#####.........#
........# #....#####........##
.........#......###........##


You could see a wyvern.

Vanquished Creatures
  2 hill giants (D:11)
  Pikel (D:9)
  A hippogriff (D:10)
  5 yaks (D:8)
  A hungry ghost (D:4)
  Grum (D:9)
  2 orc warriors (D:11)
  4 ice beasts
  A phantom (D:7)
  2 ogres
  2 wolves (D:9)
  A centaur (D:9)
  A big kobold (D:11)
  5 bullfrogs
  A scorpion (D:11)
  A crimson imp (D:11)
  A quasit (D:6)
  2 orc priests (D:11)
  4 orc wizards
  A jelly (D:9)
  2 worker ants
  An adder (D:6)
  A shadow imp (D:7)
  A worm (D:3)
  A leopard gecko (D:11)
  10 orcs
  2 bats (D:1)
  8 kobolds
  4 quokkas
  2 rats (D:1)
  A fungus (D:8)
72 creatures vanquished.

Vanquished Creatures (others)
  2 slaves (D:9)
  A crimson imp (D:9)
  A hound (D:9)
4 creatures vanquished.

Grand Total: 76 creatures vanquished

Notes
Turn   | Place    | Note
-------+----------+-------------------------------------------
     0 | D:1      | glosham the Troll Berserker began the quest for the Orb.
     0 | D:1      | Reached XP level 1. HP: 22/22 MP: 0/0
   117 | D:2      | You fall through a shaft!
   121 | D:3      | Reached XP level 2. HP: 29/29 MP: 1/1
   183 | D:4      | Reached skill level 4 in Unarmed Combat
   183 | D:4      | Reached XP level 3. HP: 36/36 MP: 2/2
   237 | D:4      | Reached skill level 5 in Unarmed Combat
   237 | D:4      | Reached XP level 4. HP: 38/44 MP: 3/3
   266 | D:4      | Noticed a hungry ghost
   279 | D:4      | Killed a hungry ghost
   279 | D:4      | Reached skill level 6 in Unarmed Combat
   279 | D:4      | Reached XP level 5. HP: 46/50 MP: 4/4
   340 | D:5      | Entered Level 5 of the Dungeon
   359 | D:6      | Found a staircase to the Ecumenical Temple.
   442 | D:7      | Noticed an ogre
   447 | D:7      | Killed an ogre
   447 | D:7      | Reached ** piety under Trog
   447 | D:7      | Reached skill level 7 in Unarmed Combat
   447 | D:7      | Reached XP level 6. HP: 59/59 MP: 5/5
   560 | D:7      | Noticed an ice beast
   561 | D:7      | Noticed an ice beast
   567 | D:7      | Killed an ice beast
   567 | D:7      | Reached skill level 3 in Fighting
   567 | D:7      | Reached XP level 7. HP: 67/67 MP: 6/6
   568 | D:7      | Reached skill level 8 in Unarmed Combat
   650 | D:8      | Found a staircase to the Lair.
   651 | D:8      | Noticed a yak
   652 | D:8      | Noticed a yak
   653 | D:8      | Noticed a yak
   654 | D:8      | Noticed a yak
   655 | D:8      | Noticed a yak
   658 | D:8      | Killed a yak
   659 | D:8      | Reached skill level 4 in Fighting
   659 | D:8      | Reached skill level 9 in Unarmed Combat
   665 | D:8      | Killed a yak
   665 | D:8      | Reached XP level 8. HP: 78/78 MP: 7/7
   675 | D:8      | Reached skill level 10 in Unarmed Combat
   693 | D:8      | Reached skill level 5 in Fighting
   778 | D:9      | Noticed Pikel
   786 | D:9      | Killed Pikel
   786 | D:9      | Reached XP level 9. HP: 26/88 MP: 8/8
   787 | D:9      | Found Wipeq's General Store.
   882 | D:9      | Noticed Grum
   902 | D:9      | Reached skill level 11 in Unarmed Combat
   941 | D:9      | Killed Grum
   949 | D:10     | Entered Level 10 of the Dungeon
   949 | D:10     | Found Meojirru's Book Shoppe.
  1004 | D:11     | Reached *** piety under Trog
  1004 | D:11     | Reached skill level 6 in Fighting
  1039 | D:11     | Found Afimaidghasa's Food Boutique.
  1066 | D:11     | Noticed a hill giant
  1070 | D:11     | Reached skill level 12 in Unarmed Combat
  1073 | D:11     | Noticed a hill giant
  1079 | D:11     | Killed a hill giant
  1083 | D:11     | Killed a hill giant
  1083 | D:11     | Reached XP level 10. HP: 20/100 MP: 9/9
  1123 | D:11     | HP: 1/100 [wyvern (17)]
  1128 | D:11     | Slain by a wyvern

Skill      XL: |  1  2  3  4  5  6  7  8  9 |
---------------+----------------------------+-----
Unarmed Combat | 4 5 6 7 9 10 12 | 12.6
Fighting       | 3 4 5 6 |  6.9
Dodging        | |  2.4

Action                   |  1- 3 |  4- 6 |  7- 9 | 10-12 || total
-------------------------+-------+-------+-------+-------++-------
Melee: Unarmed           |    46 |    44 |   116 |     9 ||   215
       Punch             |       |     1 |     5 |       ||     6
Invok: Berserk           |     1 |     3 |     4 |       ||     8
  Use: Scroll            |     4 |     1 |     2 |       ||     7
       Potion            |       |       |     4 |     1 ||     5
  Eat: Chunk             |     6 |    12 |    10 |     2 ||    30
       Royal jelly       |       |     1 |       |       ||     1
Armor: Animal skin       |    12 |    16 |    25 |     2 ||    55
Dodge: Dodged            |    23 |    16 |    46 |     3 ||    88

Table legend:
 A = Turns spent in this place as a percentage of turns spent in the entire game.
 B = Non-inter-level travel turns spent in this place as a percentage of non-inter-level travel turns spent in the entire game.
 C = Inter-level travel turns spent in this place as a percentage of turns spent in this place.
 D = Turns resting spent in this place as a percentage of non-inter-level travel turns spent in this place.
 E = Turns spent auto-exploring this place as a percentage of non-inter-level travel turns spent in this place.
 F = Non-inter-level travel turns spent in this place divided by the number of levels of this place that you've seen.
                   A       B       C       D       E      F
               +-------+-------+-------+-------+-------+----------------------
         Total | 100.0 | 100.0 |   0.0 |   0.6 |   0.0 |  96.5
       Dungeon | 100.0 | 100.0 |   0.0 |   0.6 |   0.0 |  96.5
               +-------+-------+-------+-------+-------+----------------------

Table legend:
 A = Kills in this place as a percentage of kills in entire the game.
 B = Kills by you in this place as a percentage of kills by you in the entire game.
 C = Kills by friends in this place as a percentage of kills by friends in the entire game.
 D = Other kills in this place as a percentage of other kills in the entire game.
 E = Experience gained in this place as a percentage of experience gained in the entire game.
 F = Experience gained in this place divided by the number of levels of this place that you have seen.
                   A       B       C       D       E      F
               +-------+-------+-------+-------+-------+----------------------
         Total | 100.0 | 100.0 |  -nan |  -nan | 100.0 | 573.1
       Dungeon | 100.0 | 100.0 |  -nan |  -nan | 100.0 | 573.1
               +-------+-------+-------+-------+-------+----------------------

Vault maps used:
D:1:      onia_arrival_larder
D:2:      okawaru_altar_gauntlet_db, uniq_robin
D:3:      nicolae_gozag_cash_rules_everything_around_me, first_bread,
          doesnt_xom_only_xom
D:4:      grunt_qazlal_clouds
D:5:      minmay_goblin_kobold_castle
D:7:      chequers_temple_overflow_minitemple, uniq_crazy_yiuf_cottage
D:8:      dpeg_oklobed_lair
D:9:      serial_shops, shop, uniq_grum, uniq_pikel
D:10:     kennysheep_orc_monster_closet_entryway, serial_shops, shop_statue,
          shop_scrolls, shop, minmay_radiant
D:11:     serial_shops, nicolae_shop_stone, uniq_fannar
